 Dungeon Crawl Stone Soup version 0.29-a0-378-gc08b2e8bf8 (webtiles) character file.

Game seed: 4592794316462392215

11518 zeratav the Slicer (level 12, -2/80 HPs)
             Began as a Kobold Gladiator on May 4, 2022.
             Was a Priest of Wu Jian.
             Slain by a titanic slime creature (74 damage)
             ... on level 12 of the Dungeon.
             The game lasted 00:31:32 (13903 turns).

zeratav the Slicer (Kobold Gladiator)              Turns: 13903, Time: 00:31:33

Health: -2/80      AC: 11    Str: 11    XL:     12   Next: 8%
Magic:  12/12      EV: 23    Int: 16    God:    Wu Jian [***...]
Gold:   679        SH:  0    Dex: 21    Spells: 11/11 levels left

rFire   . . .      SeeInvis .   c - +2 rapier (elec) {short}
rCold   + + .      Faith    .   (no shield)
rNeg    . . .      Spirit   .   U - +0 troll leather armour
rPois   .          Reflect  .   E - +1 hat of Creativity {Stlth+}
rElec   .          Harm     .   L - +0 cloak
rCorr   .          Rampage  .   (no gloves)
Will    +....                   o - +0 pair of boots
Stlth   ++++++....              y - amulet of regeneration {@e2}
HPRegen 1.83/turn               D - +4 ring of protection
MPRegen 0.13/turn               u - ring of Okawaru's Pride {rC++ Will+ Int+6}

@: no status effects
A: small, no large weapons, nightstalker 3
a: Renounce Religion, Wall Jump, Serpent's Lash


You were on level 12 of the Dungeon.
You worshipped Wu Jian.
Wu Jian was most pleased with you.
You visited 2 branches of the dungeon, and saw 13 of its levels.
You also visited: Ossuary and Bailey.

You collected 1625 gold pieces.
You spent 946 gold pieces at shops.


Innate Abilities, Weirdness & Mutations

You are small and have problems with some larger weapons.
You are completely attuned to the shadows.


   Skills:
 + Level 11.6 Fighting
 - Level 14.0 Short Blades
 - Level 2.1 Throwing
 - Level 12.0 Dodging
 - Level 8.0 Stealth


You had 11 spell levels left.
You didn't know any spells.
Your spell library contained the following spells:

 Spells                   Type           Power      Damage    Failure   Level
 Apportation              Tloc           0%         N/A       32%         1
 Slow                     Hex            0%         N/A       32%         1
 Static Discharge         Conj/Air       0%         N/A       45%         2
 Confusing Touch          Hex            0%         N/A       69%         3
 Tukima's Dance           Hex            0%         N/A       69%         3
 Vampiric Draining        Necr           0%         2d6       69%         3
 Olgreb's Toxic Radiance  Pois           0%         N/A       97%         4
 Passage of Golubria      Tloc           0%         N/A       97%         4
 Alistair's Intoxication  Tmut/Pois      0%         N/A       100%        5
 Lightning Bolt           Conj/Air       0%         1d11      100%        5
 Yara's Violent Unravell  Hex/Tmut       0%         3d3       100%        5
 Ozocubu's Refrigeration  Ice            0%         4d5       100%        7
 Ignition                 Fire           0%         3d3       100%        8
 Maxwell's Capacitive Co  Air            0%         ∞         100%        8

Inventory:

Hand Weapons
 c - a +2 rapier of electrocution (weapon) {short}
   (You acquired it on level 6 of the Dungeon)
 I - a +3 falchion of holy wrath {long}
   (You found it on level 11 of the Dungeon)
Missiles
 d - 3 throwing nets {=fthrowing}
 e - 14 boomerangs (quivered) {throwing}
Armour
 o - a +0 pair of boots (worn)
   (You found it on level 2 of the Dungeon)
 E - the +1 hat of Creativity (worn) {Stlth+}
   (You acquired it on level 6 of the Dungeon)

   Stlth:     It makes you more stealthy.
 L - a +0 cloak (worn)
   (You found it on level 12 of the Dungeon)
 U - a +0 troll leather armour (worn)
   (You found it on level 9 of the Dungeon)
 V - a +2 leather armour of cold resistance
   (You found it on level 10 of the Dungeon)
Jewellery
 a - an amulet of faith {!P}
   (You took it off an orc on level 8 of the Dungeon)
 u - the ring of Okawaru's Pride (right hand) {rC++ Will+ Int+6}
   (You bought it in a shop on level 4 of the Dungeon)

   [ring of intelligence]

   Int:       It affects your intelligence (+6).
   rC:        It greatly protects you from cold.
   Will:      It increases your willpower.
 y - an amulet of regeneration (around neck) {@e2}
   (You found it on level 6 of the Dungeon)
 D - a +4 ring of protection (left hand)
   (You found it on level 3 of the Dungeon)
 Q - a ring of poison resistance
   (You found it on level 9 of the Dungeon)
Wands
 q - a wand of iceblast (11)
   (You found it on level 2 of the Dungeon)
 t - a wand of flame (3)
   (You took it off a kobold on level 7 of the Dungeon)
 z - a wand of paralysis (3)
   (You found it on level 7 of the Dungeon)
 M - a wand of digging (8)
   (You found it on level 8 of the Dungeon)
 O - a wand of mindburst (1)
   (You found it on level 11 of the Dungeon)
 X - a wand of acid (1)
   (You found it on level 10 of the Dungeon)
Scrolls
 i - 3 scrolls of amnesia
 j - 2 scrolls of brand weapon
 l - a scroll of vulnerability {!r!r}
 r - 4 scrolls of immolation {!r!r}
 s - a scroll of enchant weapon
 v - a scroll of enchant armour
 w - 2 scrolls of blinking {!r}
 x - a scroll of summoning {unknown}
 B - 3 scrolls of fog
 F - a scroll of silence {unknown}
 H - 4 scrolls of teleportation {@r4}
 J - a scroll of poison {unknown}
 S - 5 scrolls of identify {@r1}
Potions
 f - 5 potions of degeneration {unknown}
 g - 4 potions of lignification {unknown}
 h - a potion of ambrosia {unknown}
 k - 6 potions of brilliance {unknown}
 m - 5 potions of flight {unknown}
 n - 4 potions of curing {unknown}
 p - a potion of invisibility {unknown}
 A - 2 potions of resistance {unknown}
 C - a potion of berserk rage {unknown}
 G - 4 potions of might {unknown}
 K - 2 potions of mutation {unknown}
Miscellaneous
 P - a condenser vane (inert)
   (You found it on level 9 of the Dungeon)
 R - a piece from Xom's chessboard (14/15)
   (You found it on level 10 of the Dungeon)

Dungeon Overview and Level Annotations

Branches:
Dungeon (12/15)            Temple (1/1) D:6            Lair (0/6) D:10
Ossuary (visited)          Bailey (visited)
    Orc: D:9-12

Altars:
Ashenzari
Cheibriados
Dithmenos
Elyvilon
Fedhas
Gozag
Hepliaklqana
Kikubaaqudgha
Makhleb
Nemelex Xobeh
Okawaru
Qazlal
Ru
Sif Muna
Trog
Uskayaw
Vehumet
Wu Jian
Xom
Yredelemnul
Zin
The Shining One

Shops:
D:1 ?   D:4 [=   D:5 *   D:6 =*

Portals:
Trove: D:11 (give +3 gold dragon scales)

Annotations:
D:9 2 transporters
D:12 Frances

..###.. #.....#
#.....# ##....#
########..J..##
##......J..#@..##
##........####...##
##..########
##...## ##.J##
###...# ##..##
##...### #..##
.....# ..## ###..#
.## ##[# .## #.#


You could see a titanic slime creature.


Message History

You puncture the slime creature!
HP[+1]
You puncture the slime creature! The slime creature barely misses you.
HP[+1]
You impale the slime creature!!
HP[+1]
You hit the slime creature.
The slime creature hits you but does no damage.
HP[+1]
You puncture the slime creature!
Lightning courses through the slime creature!
HP[+1]
You puncture the slime creature!
Lightning courses through the slime creature!!
You kill the slime creature!
The Council accepts your kill.
Your piece from Xom's chessboard (14/15) has regained one charge.
HP[+1] HP[+2]
You regained 2 hp, and now have 49/80 hp.
You start resting.
HP[+31]
Your hp is fully restored (80).
The slime creature quivers.
Two slime creatures merge to form a large slime creature.
You lunge at the large slime creature, in a flurry of attacks.
The slime creature quivers. x3
You puncture the large slime creature!
Lightning courses through the large slime creature!!
You hit the large slime creature.
Two slime creatures merge to form a very large slime creature.
Two slime creatures merge to form an enormous slime creature.
Two slime creatures merge to form a titanic slime creature.
You spin and attack the slime creature repeatedly.
The slime creature quivers.
You puncture the slime creature! You hit the slime creature.
Lightning courses through the slime creature!
The slime creature hits you.
Two slime creatures merge to form a large slime creature.
HP[-2]
You take 2 damage, and now have 78/80 hp.
You puncture the large slime creature!
HP[+1]
You hit the large slime creature.
HP[+1]
Your hp is fully restored (80).
You hit the large slime creature. You hit the large slime creature.
The large slime creature completely misses you.
Two slime creatures merge to form a very large slime creature.
The titanic slime creature attacks as you move away!
The titanic slime creature hits you!!
HP[-20]
You take 20 damage, and now have 60/80 hp.
MASSIVE DAMAGE!! (PAUSE) HP[+2]
You regained 2 hp, and now have 62/80 hp.
You spin and attack the titanic slime creature repeatedly.
You hit the titanic slime creature but do no damage.
Lightning courses through the titanic slime creature!
You hit the titanic slime creature. The titanic slime creature hits you!
HP[-12]
You take 12 damage, and now have 50/80 hp.
HP[+2]
You regained 2 hp, and now have 52/80 hp.
The titanic slime creature attacks as you move away!
The titanic slime creature completely misses you.
HP[+2]
You regained 2 hp, and now have 54/80 hp.
HP[+1]
The titanic slime creature attacks as you move away!
The titanic slime creature completely misses you.
HP[+2]
You regained 2 hp, and now have 57/80 hp.
The titanic slime creature attacks as you move away!
The titanic slime creature hits you but does no damage.
HP[+2]
You regained 2 hp, and now have 59/80 hp.
HP[+2]
You regained 2 hp, and now have 61/80 hp.
The titanic slime creature attacks as you move away!
The titanic slime creature barely misses you.
HP[+2]
You regained 2 hp, and now have 63/80 hp.
HP[+2]
You regained 2 hp, and now have 65/80 hp.
HP[+1] HP[+2]
You regained 2 hp, and now have 68/80 hp.
You spin and attack the titanic slime creature repeatedly.
You puncture the titanic slime creature!
You hit the titanic slime creature.
The titanic slime creature barely misses you.
HP[+2]
You regained 2 hp, and now have 70/80 hp.
You spin and attack the titanic slime creature repeatedly.
You puncture the titanic slime creature! x2
The titanic slime creature hits you!!!!
Ouch! That really hurt!
You die...

Skill      XL: |  1  2  3  4  5  6  7  8  9 10 11 12 |
---------------+-------------------------------------+-----
Fighting       | 3 4 5 6 8 11 | 11.6
Short Blades   | 6 8 10 11 14 | 14.0
Dodging        | 4 6 8 11 12 | 12.0
Stealth        | 2 6 8 |  8.0
Throwing       | |  2.1

Action                   |  1- 3 |  4- 6 |  7- 9 | 10-12 || total
-------------------------+-------+-------+-------+-------++-------
Melee: Rapier            |    54 |   169 |   253 |   367 ||   843
       Punch             |       |     4 |     4 |     9 ||    17
Invok: Lunge             |       |       |    13 |    41 ||    54
       Whirlwind         |       |       |       |    34 ||    34
       Serpent's Lash    |       |       |       |     3 ||     3
 Abil: Wall Jump         |       |       |       |     1 ||     1
Evoke: Wand              |       |       |       |     4 ||     4
       Piece from Xom's  |       |       |       |     2 ||     2
       Condenser vane    |       |       |       |     1 ||     1
  Use: Scroll            |       |       |    12 |     7 ||    19
 Stab: Sleeping          |    10 |     7 |    20 |    22 ||    59
       Distracted        |       |     1 |       |     3 ||     4
       Paralysed         |       |       |       |     1 ||     1
Armor: Leather armour    |    13 |    43 |    50 |    21 ||   127
       Troll leather arm |       |       |       |    25 ||    25
Dodge: Dodged            |    25 |   114 |   121 |   197 ||   457

Levels and vault maps discovered:
D:1:      dpeg_arrival_leaves_temple_mockup, layout_basic, serial_shops,
          nicolae_shop_waterfront, shapermc_ecumenical_altar_notcrosses
D:2:      layout_basic, interstate_on_off, minivault_11
D:3:      layout_basic, grunt_decor_cap
D:4:      nicolae_cairo_tiling_large, layout_cave_pools,
          kiku_gazebo_pond_becter, nicolae_wooded_promenade,
          kennysheep_generic_room_13
D:5:      layout_basic, serial_shops, nicolae_diamond_shop,
          lightli_ossuary_entry_decrepit_ruins, hangedman_abyss_or_decor_stagger
D:6:      layout_loops_corners, minmay_temple_entry_gardened_gates,
          serial_shops, kennysheep_mini, nicolae_elemental_shop,
          minmay_misc_feat_nine_boxes, minmay_holes, minmay_misc_feat_columns
D:7:      layout_loops_ring, mainiacjoe_overflow_chevrons, uniq_pikel
D:8:      layout_cave_pods, lemuel_round_altar, enter_bailey_5
D:9:      gammafunk_beogh_shrine, layout_layer_cave,
          mainiacjoe_overflow_tiny_flanked
D:10:     layout_basic, grunt_lair_entry_orc_guard_hut
D:11:     layout_long_grid, nicolae_trove_entry_crystal, hangedman_weighted_door
D:12:     layout_layer_cave, orc_david_3, uniq_frances
Temple:   mainiacjoe_temple_coin_purse

Notes
Turn   | Place    | Note
-------+----------+-------------------------------------------
     0 | D:1      | zeratav the Kobold Gladiator began the quest for the Orb.
     0 | D:1      | Reached XP level 1. HP: 12/12 MP: 1/1
     0 | D:1      | magus.rc [v1.9.6]
    53 | D:1      | Found Negukk's Magic Scroll Shoppe.
   116 | D:1      | Reached XP level 2. HP: 10/18 MP: 2/2
   119 | D:1      | You pick up a book of Party Tricks and begin reading...
   119 | D:1      | You add the spells Apportation and Alistair's Intoxication
                  | to your library.
   394 | D:1      | Reached skill level 3 in Fighting
   763 | D:1      | Reached XP level 3. HP: 23/23 MP: 3/3
   886 | D:1      | Found a faded altar of an unknown god.
  1052 | D:2      | Reached skill level 4 in Fighting
  1570 | D:2      | Reached XP level 4. HP: 29/30 MP: 4/4
  2361 | D:2      | HP: 7/30 [orc/+0 whip (4)]
  2361 | D:2      | HP: 3/30 [something (4)]
  2366 | D:2      | HP: 1/30 [something (1)]
  2368 | D:2      | Reached skill level 5 in Fighting
  2735 | D:3      | Reached XP level 5. HP: 28/35 MP: 5/5
  2919 | D:3      | Reached skill level 5 in Short Blades
  3371 | D:3      | Reached skill level 6 in Short Blades
  3526 | D:3      | Reached XP level 6. HP: 34/40 MP: 6/6
  3719 | D:3      | Identified the +2 ring mail of the Albatross {rF+ Will-
                  | rCorr}
  3722 | D:3      | You add the spells Tukima's Dance, Passage of Golubria and
                  | Yara's Violent Unravelling to your library.
  3880 | D:4      | Reached skill level 7 in Short Blades
  4234 | D:4      | Found Sastiyf's Jewellery Shop.
  4234 | D:4      | Found Bewink's Armour Emporium.
  4300 | D:4      | Found an ancient bone altar of Kikubaaqudgha.
  4825 | D:4      | Reached skill level 8 in Short Blades
  4825 | D:4      | Reached XP level 7. HP: 44/44 MP: 7/7
  5248 | D:5      | Entered Level 5 of the Dungeon
  5252 | D:5      | Found Reak's General Store.
  5299 | D:5      | Reached skill level 9 in Short Blades
  5377 | D:5      | Reached skill level 10 in Short Blades
  5386 | D:5      | Reached skill level 4 in Dodging
  5386 | D:5      | Reached skill level 2 in Stealth
  5386 | D:5      | Reached XP level 8. HP: 46/49 MP: 8/8
  5569 | D:5      | Found a sand-covered staircase.
  5575 | Ossuary  | Entered an ossuary
  5797 | Ossuary  | Reached skill level 3 in Stealth
  6021 | D:5      | HP: 8/49 [acid (9)]
  6024 | D:5      | Reached skill level 5 in Dodging
  6322 | D:5      | Reached skill level 4 in Stealth
  6360 | D:5      | You pick up a book of Lightning and begin reading...
  6360 | D:5      | You add the spells Static Discharge, Lightning Bolt and
                  | Maxwell's Capacitive Coupling to your library.
  6857 | D:6      | Found Xihosch's Elemental Accessories.
  7135 | D:6      | Reached skill level 5 in Stealth
  7184 | D:6      | Found a staircase to the Ecumenical Temple.
  7201 | Temple   | Entered the Ecumenical Temple
  7360 | Temple   | Became a worshipper of the Wu Jian Council
  7531 | D:6      | Reached skill level 6 in Dodging
  7886 | D:6      | Reached skill level 6 in Stealth
  7928 | D:6      | Found Immutua's Jewellery Emporium.
  8125 | D:1      | Bought a scroll of identify for 20 gold pieces
  8125 | D:1      | Bought a scroll of identify for 20 gold pieces
  8125 | D:1      | Bought a scroll of identify for 20 gold pieces
  8335 | D:6      | Identified 2 scrolls of acquirement
  8340 | D:6      | Acquired the +1 hat of Creativity {Stlth+}
  8355 | D:6      | Acquired a +2 rapier of electrocution
  8537 | D:7      | Reached XP level 9. HP: 32/54 MP: 9/9
  8713 | D:7      | Found a basalt altar of Yredelemnul.
  8722 | D:7      | Reached skill level 7 in Dodging
  8722 | D:7      | Reached skill level 7 in Stealth
  8869 | D:7      | Reached skill level 8 in Stealth
  8904 | D:7      | Reached skill level 8 in Dodging
  9095 | D:7      | Noticed Pikel
  9102 | D:7      | Killed Pikel
  9103 | D:7      | Reached skill level 6 in Fighting
  9121 | D:7      | Reached skill level 11 in Short Blades
  9285 | D:8      | Reached XP level 10. HP: 61/61 MP: 10/10
  9287 | D:8      | Reached * piety under Wu Jian
  9302 | D:8      | Reached skill level 7 in Fighting
  9632 | D:8      | Found a flagged portal.
  9645 | Bailey   | Entered a bailey
  9724 | Bailey   | Reached skill level 12 in Short Blades
  9741 | Bailey   | Reached skill level 8 in Fighting
  9845 | Bailey   | Reached skill level 13 in Short Blades
  9846 | Bailey   | Reached ** piety under Wu Jian
  9894 | Bailey   | Noticed a kobold demonologist
  9895 | Bailey   | Noticed an orc knight
  9902 | Bailey   | Noticed a rust devil
  9907 | Bailey   | Killed a kobold demonologist
  9939 | Bailey   | Killed an orc knight
  9940 | Bailey   | Reached skill level 14 in Short Blades
 10019 | Bailey   | Acquired 711 gold pieces
 10058 | Bailey   | Found an iron altar of Okawaru.
 10059 | Bailey   | Noticed an orc high priest
 10059 | Bailey   | Noticed an orc knight
 10356 | D:4      | Bought the ring of Okawaru's Pride {rC++ Will+ Int+6} for
                  | 886 gold pieces
 10550 | D:8      | Found a sacrificial altar of Ru.
 11041 | D:9      | Found a radiant altar of Vehumet.
 11129 | D:9      | Found a transporter.
 11129 | D:9      | Found a transporter.
 11273 | D:9      | You add the spells Olgreb's Toxic Radiance, Ozocubu's
                  | Refrigeration and Ignition to your library.
 11295 | D:9      | Reached XP level 11. HP: 41/69 MP: 11/11
 11496 | D:9      | Reached skill level 9 in Dodging
 11500 | D:9      | Reached skill level 9 in Fighting
 11733 | D:10     | Entered Level 10 of the Dungeon
 11879 | D:10     | Noticed a two-headed ogre
 11889 | D:10     | Killed a two-headed ogre
 11890 | D:10     | Reached skill level 10 in Fighting
 11890 | D:10     | Reached skill level 10 in Dodging
 12248 | D:10     | Found a staircase to the Lair.
 13075 | D:11     | Reached *** piety under Wu Jian
 13085 | D:11     | Reached skill level 11 in Dodging
 13341 | D:11     | You pick up a book of Debilitation and begin reading...
 13341 | D:11     | You add the spells Slow, Vampiric Draining and Confusing
                  | Touch to your library.
 13368 | D:11     | Noticed a manticore
 13387 | D:11     | Killed a manticore
 13400 | D:11     | Reached skill level 11 in Fighting
 13479 | D:11     | Noticed a two-headed ogre
 13485 | D:11     | Killed a two-headed ogre
 13494 | D:11     | Found a portal to a secret trove of treasure.
 13500 | D:11     | This trove needs +3 gold dragon scales to function. Give it
                  | the item?
 13636 | D:12     | Noticed a cyclops
 13640 | D:12     | Killed a cyclops
 13684 | D:12     | Reached XP level 12. HP: 80/80 MP: 12/12
 13777 | D:12     | Noticed Frances
 13809 | D:12     | HP: 2/80 [Frances/+0 glaive (30)]
 13822 | D:12     | HP: 19/80 [slime creature (5)]
 13824 | D:12     | HP: 4/80 [slime creature (16)]
 13848 | D:12     | Reached skill level 12 in Dodging
 13903 | D:12     | Slain by a titanic slime creature

Vanquished Creatures
  2 two-headed ogres
  Pikel (D:7)
  An orc knight (Bailey)
  A manticore (D:11)
  A cyclops (D:12)
  A spectral centaur (D:11)
  2 centaur zombies (D:11)
  2 centaur skeletons (D:11)
  A kobold demonologist (Bailey)
  2 trolls
  A hornet (D:9)
  2 slime creatures (D:12)
  3 shadows
  2 wyverns (D:7)
  A wraith (D:12)
  A yak (D:10)
  A steam dragon (D:8)
  An ice beast (D:6)
  15 orc warriors
  An ogre (D:5)
  A black bear (D:8)
  4 centaurs
  A lemure (D:7)
  2 kobold brigands
  2 necrophages
  A gnoll sergeant (D:9)
  5 scorpions
  5 bullfrogs
  10 wights
  3 killer bees (D:9)
  4 howler monkeys
  2 jellies
  2 human zombies (Ossuary)
  2 gnoll shamans
  3 orc priests
  3 hounds
  3 iguanas
  10 orc wizards
  4 mummies (Ossuary)
  11 gnolls
  8 adders
  A shadow imp (D:6)
  An adder zombie (Ossuary)
  A dart slug (D:3)
  30 orcs
  8 ball pythons
  4 endoplasms
  4 giant cockroaches
  16 goblins
  15 hobgoblins
  8 kobolds
  5 quokkas
  8 bats
  3 frilled lizards
  A gnoll zombie (Ossuary)
  3 goblin zombies (Ossuary)
  3 hobgoblin zombies (Ossuary)
  A jackal zombie (Ossuary)
  A kobold zombie (Ossuary)
  4 rats
245 creatures vanquished.

Vanquished Creatures (others)
  An orc wizard (D:8)
  A plant (D:6)
2 creatures vanquished.

Grand Total: 247 creatures vanquished

Table legend:
 A = Non-vault XP
 B = Vault XP
 C = Vault XP percentage of total XP
 D = Non-vault monster count
 E = Vault monster count
 F = Vault count percentage of total count
                 A         B        C        D         E       F
            +---------+---------+-------+---------+---------+-------
      Total |   10129 |    6326 |  38.4 |     181 |      63 |  25.8
            +---------+---------+-------+---------+---------+-------
        D:1 |      34 |       0 |   0.0 |      21 |       0 |   0.0
        D:2 |      93 |       0 |   0.0 |      14 |       0 |   0.0
        D:3 |     152 |       0 |   0.0 |      23 |       0 |   0.0
        D:4 |     432 |       2 |   0.5 |      26 |       1 |   3.7
        D:5 |     617 |       0 |   0.0 |      11 |       0 |   0.0
        D:6 |     417 |       0 |   0.0 |       9 |       0 |   0.0
        D:7 |    1190 |     663 |  35.8 |      16 |       1 |   5.9
        D:8 |     753 |       7 |   0.9 |      16 |       4 |  20.0
        D:9 |    1596 |       0 |   0.0 |      21 |       0 |   0.0
       D:10 |    1304 |     592 |  31.2 |       8 |       5 |  38.5
       D:11 |    1960 |    2260 |  53.6 |       8 |       5 |  38.5
       D:12 |    1581 |       3 |   0.2 |       8 |       1 |  11.1
    Ossuary |       0 |     175 | 100.0 |       0 |      16 | 100.0
     Bailey |       0 |    2624 | 100.0 |       0 |      30 | 100.0
            +---------+---------+-------+---------+---------+-------

Illustrated notes

Table legend:
 A = Kills in this place as a percentage of kills in entire the game.
 B = Kills by you in this place as a percentage of kills by you in the entire game.
 C = Kills by friends in this place as a percentage of kills by friends in the entire game.
 D = Other kills in this place as a percentage of other kills in the entire game.
 E = Experience gained in this place as a percentage of experience gained in the entire game.
 F = Experience gained in this place divided by the number of levels of this place that you have seen.
                   A       B       C       D       E      F
               +-------+-------+-------+-------+-------+----------------------
         Total | 100.0 | 100.0 |   N/A |   N/A | 100.0 | 1097.0
       Dungeon |  81.1 |  81.1 |   N/A |   N/A |  83.0 | 1138.0
       Ossuary |   6.6 |   6.6 |   N/A |   N/A |   1.1 | 175.0
        Bailey |  12.3 |  12.3 |   N/A |   N/A |  15.9 | 2624.0
               +-------+-------+-------+-------+-------+----------------------

Table legend: (Time is in decaauts)
 A = Elapsed time spent in this place.
 B = Non-inter-level travel time spent in this place.
 C = Inter-level travel time spent in this place.
 D = Time resting spent in this place.
 E = Time spent auto-exploring this place.
 F = Levels seen in this place.
 G = Mean time per level.
                   A        B        C        D        E       F      G
               +--------+--------+--------+--------+--------+-----+--------+
         Total |  13716 |  12434 |   1282 |   1238 |   9025 |  15 |  914.4 |
       Dungeon |  12796 |  11545 |   1251 |   1166 |   8749 |  12 | 1066.3 |
        Temple |    175 |    144 |     31 |      0 |    118 |   1 |  175.0 |
       Ossuary |    331 |    331 |      0 |     55 |    119 |   1 |  331.0 |
        Bailey |    413 |    413 |      0 |     17 |     39 |   1 |  413.0 |
               +--------+--------+--------+--------+--------+-----+--------+

Top non-repeatable levels by time:
     D:2: 1681 daAuts
     D:4: 1505 daAuts
     D:3: 1376 daAuts
     D:6: 1266 daAuts
     D:5: 1260 daAuts
    D:10: 1124 daAuts
     D:8: 1020 daAuts
     D:1: 1007 daAuts
     D:7: 836 daAuts
     D:9: 730 daAuts
    D:11: 724 daAuts
  Bailey: 413 daAuts
 Ossuary: 331 daAuts
    D:12: 262 daAuts
  Temple: 175 daAuts
